 Dungeon Crawl Stone Soup version 0.27-a0-1555-g0e7b3fb1d2 (webtiles) character file.

Game seed: 18037102595812911615

10022 raph the Destroyer (level 11, -18/82 (92) HPs)
             Began as a Grey Draconian Conjurer on July 14, 2021.
             Was a Priest of Zin.
             Killed from afar by a fire dragon (55 damage)
             ... with a blast of flame
             ... on level 9 of the Dungeon.
             The game lasted 00:26:23 (11288 turns).

raph the Destroyer (Grey Draconian Conjurer)       Turns: 11288, Time: 00:26:23

HP:   -18/82 (92)   AC: 19    Str: 11    XL:     11   Next: 30%
MP:   6/21          EV: 13    Int: 26    God:    Zin [***...]
Gold: 330           SH:  3    Dex: 10    Spells: 8/24 levels left

rFire    . . .     SeeInvis .   b - staff of conjuration
rCold    . . .     Faith    .   B - +0 buckler
rNeg     . . .     Spirit   .   (armour unavailable)
rPois    +         Reflect  .   (helmet restricted)
rElec    .         Harm     .   (no cloak)
rCorr    .         Rampage  .   y - +2 pair of gloves of the Game Afoot {rPois Will+}
Will     +....                  (no boots)
Stlth    +++.......             u - amulet of regeneration
HPRegen  1.23/turn              v - +6 ring of intelligence
MPRegen  0.17/turn              q - +4 ring of protection

@: very slightly contaminated, heavily drained
A: AC +12, amphibious, unfitting armour, cold-blooded
a: Renounce Religion, Recite, Vitalisation, Imprison, Donate Gold


You were on level 9 of the Dungeon.
You worshipped Zin.
Zin was most pleased with you.
You visited 1 branch of the dungeon, and saw 9 of its levels.

You collected 456 gold pieces.
You spent 90 gold pieces at shops.
You donated 36 gold pieces to Zin.

Inventory:

Hand Weapons
 a - a +3 scimitar of flaming
 c - a +0 dagger
 g - a +0 war axe
 t - a +4 scimitar
 A - a +1 great sword
Armour
 y - the +2 pair of gloves of the Game Afoot (worn) {rPois Will+}
   (You acquired it on level 9 of the Dungeon)

   rPois:     It protects you from poison.
   Will:      It increases your willpower.
 B - a +0 buckler (worn)
Magical Staves
 b - a staff of conjuration (weapon)
Jewellery
 h - a +6 ring of intelligence
 q - a +4 ring of protection (right hand)
 u - an amulet of regeneration (around neck)
 v - a +6 ring of intelligence (left hand)
Wands
 l - a wand of iceblast (10)
 n - a wand of flame (44)
 s - a wand of mindburst (11)
Scrolls
 d - 2 scrolls of teleportation
 f - 3 scrolls of amnesia
 j - 2 scrolls of immolation
Potions
 e - 2 potions of haste
 i - 3 potions of degeneration
 k - 3 potions of curing
 m - a potion of resistance
 o - 2 potions of magic
 p - 2 potions of brilliance {unknown}
 r - a potion of heal wounds {unknown}
 w - 3 potions of flight {unknown}
 x - a potion of lignification {unknown}
 z - 2 potions of attraction {unknown}


   Skills:
 + Level 7.3 Fighting
 + Level 6.9 Dodging
 + Level 5.8 Stealth
 + Level 7.0 Spellcasting
 * Level 11.1 Conjurations
 + Level 4.2 Hexes
 + Level 1.3 Invocations


You had 8 spell levels left.
You knew the following spells:

 Your Spells              Type           Power      Damage    Failure   Level
a - Magic Dart            Conj           100%       1d8       1%          1
b - Searing Ray           Conj           100%       3d7       1%          2
c - Dazzling Flash        Conj/Hex       100%       N/A       1%          3
d - Fulminant Prism       Conj/Hex       32%        3d16      4%          4
e - Passwall              Tmut/Erth      7%         N/A       16%         2
f - Iskenderun's Mystic   Conj/Tloc      55%        2d12      11%         4

Your spell library contained the following spells:

 Spells                   Type           Power      Damage    Failure   Level
 Sublimation of Blood     Necr           4%         N/A       16%         2
 Irradiate                Conj/Tmut      27%        3d22      28%         5
 Swiftness                Air            9%         N/A       30%         3
 Petrify                  Tmut/Erth      9%         N/A       71%         4
 Invisibility             Hex            15%        N/A       95%         6
 Alistair's Intoxication  Tmut/Pois      6%         N/A       96%         5
 Borgnjor's Vile Clutch   Necr/Erth      4%         N/A       96%         5
 Eringya's Noxious Bog    Tmut/Pois      4%         N/A       100%        6


Dungeon Overview and Level Annotations

Branches:
Dungeon (9/15)             Temple (0/1) D:5
   Lair: D:8-11         Orc: D:9-12

Altars:
Cheibriados
Dithmenos
Elyvilon
Fedhas
Qazlal
Ru
Vehumet
Yredelemnul
Zin

Annotations:
D:9 1 runed translucent door


Innate Abilities, Weirdness & Mutations

Your dull iron-grey scales are very hard. (AC +12)
You are amphibious.
You cannot fit into any form of body armour.
You are cold-blooded and may be slowed by cold attacks.


Message History

Aiming: Fulminant Prism (dangerous; 4% risk of failure)
Press: ? - help, Dir - move target You feel a surge of power!
You conjure a prism of explosive energy!
A fulminant prism comes into view.
The fire dragon bites you but does no damage.
The fire dragon barely misses you. The fire dragon tramples you.
You stumble backwards!
The fire dragon is no longer blind.
Your fulminant prism crackles loudly.
Casting: Fulminant Prism (dangerous; 4% risk of failure)
Confirm with . or Enter, or press ? or * to list all spells.
Aiming: Searing Ray (safe; 1% risk of failure)
Press: ? - help, Shift-Dir - straight line, f - fire dragon
Aim: a fire dragon (ally target, 87% to hit)
You feel a surge of power!
The searing ray hits the fire dragon!
The fire dragon is lightly wounded. (Press . to maintain the ray.)
The fire dragon barely misses you.
The fire dragon claws you but does no damage.
The fire dragon barely misses you.
Your fulminant prism explodes!
The blast of energy engulfs the fire dragon!!
The fire dragon is heavily wounded.
The searing ray hits the fire dragon.
The fire dragon is heavily wounded.
The fire dragon bites you!
The fire dragon claws you but does no damage.
The fire dragon misses you.
The searing ray hits the fire dragon.
The fire dragon is severely wounded.
The deep elf pyromancer gestures wildly while chanting.
The fire dragon barely misses you.
The fire dragon claws you but does no damage.
The fire dragon tramples you but does no damage.
The searing ray misses the fire dragon.
You finish channeling your searing ray.
The fire dragon breathes flames at you. The blast of flame hits you!!!
Ouch! That really hurt!
You die...

#.###..### #.# #### #
#...###..####.###..###
#..CJu+....##.##.##.## ###
#...###..##.#...##.##† #.##.##
#.###..####.#..##.##.#
#.#.#.#####.##..####○e##..##...#.
#.#.#.##.###..####.E..##...######
#.#.#.#.#†.#####....#.##........#
#.#.#)#÷###.##..@D#...##.........
#.#.#..#####....#...#.##.##+#####
#.#.#####..###....#...##.##.#
#..## ##....####....#.##.##.#
.### ##...##..####....##.##.#
.#####...###.#..####..##.##.# #
#.......## #.###..######.##.# #
######...###.# ###..####.##.# #
##...##.. ###..##.##.#####


You could see a fire dragon (catching breath), a deep elf pyromancer and a fire
elemental (summoned).

Vanquished Creatures
  Erolcha (D:9)
  A centaur warrior (D:9)
  Erica (D:9)
  A two-headed ogre (D:8)
  Joseph (D:7)
  A kobold demonologist (D:9)
  A tengu conjurer (D:9)
  A merfolk (shapeshifter) (D:9)
  A troll (D:9)
  A wyvern (D:8)
  Eustachio (D:6)
  A basilisk (D:7)
  19 yaks
  2 water moccasins
  3 sky beasts
  3 ice beasts
  A necrophage (D:5)
  A black bear (D:5)
  3 ogres
  2 centaurs
  2 bullfrogs
  A kobold brigand (D:9)
  Blork the orc (D:5)
  A wyvern zombie (D:7)
  A scorpion (D:5)
  A water moccasin skeleton (D:6)
  A wyvern skeleton (D:6)
  3 wights (D:7)
  A howler monkey (D:9)
  A centaur zombie (D:8)
  A bullfrog zombie (D:7)
  3 hounds
  5 jellies
  3 gnoll shamans
  3 orc priests
  Natasha (D:2)
  5 iguanas
  4 orc wizards
  A killer bee zombie (D:9)
  A hound skeleton (D:5)
  3 howler monkey zombies (D:9)
  Robin (D:2)
  14 gnolls
  6 adders
  2 white imps
  A howler monkey simulacrum (D:9)
  4 worms
  A dart slug (D:3)
  17 orcs
  5 endoplasms
  5 giant cockroaches
  14 goblins
  10 hobgoblins
  7 jackals
  A quokka (D:3)
  8 ball pythons
  5 bats
  3 frilled lizards (D:1)
  11 kobolds
  7 rats
211 creatures vanquished.

Vanquished Creatures (others)
  42 fulminant prisms
42 creatures vanquished.

Grand Total: 253 creatures vanquished

Notes
Turn   | Place    | Note
-------+----------+-------------------------------------------
     0 | D:1      | raph the Draconian Conjurer began the quest for the Orb.
     0 | D:1      | Reached XP level 1. HP: 14/14 MP: 3/3
   581 | D:1      | Reached XP level 2. HP: 20/20 MP: 0/5
   636 | D:1      | Learned a level 2 spell: Searing Ray
  1431 | D:1      | Reached XP level 3. HP: 18/26 MP: 0/6
  1635 | D:2      | Noticed Natasha
  1643 | D:2      | Killed Natasha
  1644 | D:2      | Reached XP level 4. HP: 33/33 MP: 2/7
  1650 | D:2      | Learned a level 3 spell: Dazzling Flash
  1997 | D:2      | Noticed Robin
  2002 | D:2      | Killed Robin
  2003 | D:2      | Reached skill level 5 in Conjurations
  2229 | D:3      | Found Zin's Purification Station.
  2233 | D:3      | Found a glowing silver altar of Zin.
  2238 | D:3      | Bought a potion of curing for 90 gold pieces
  2325 | D:3      | Became a worshipper of Zin the Law-Giver
  2341 | D:3      | Reached XP level 5. HP: 38/38 MP: 4/9
  2493 | D:3      | Found a faded altar of an unknown god.
  2757 | D:3      | Found a snail-covered altar of Cheibriados.
  3986 | D:4      | Reached XP level 6. HP: 45/45 MP: 7/10
  4170 | D:4      | Learned a level 4 spell: Fulminant Prism
  4374 | D:5      | Entered Level 5 of the Dungeon
  4392 | D:5      | Reached skill level 1 in Fighting
  4392 | D:5      | Reached skill level 6 in Conjurations
  4438 | D:5      | Found a staircase to the Ecumenical Temple.
  4530 | D:5      | Reached skill level 1 in Hexes
  4607 | D:5      | Your scales start taking on a dull iron-grey colour.
  4607 | D:5      | Reached XP level 7. HP: 52/52 MP: 5/12
  4663 | D:5      | Learned a level 2 spell: Passwall
  5080 | D:5      | Reached XP level 8. HP: 62/62 MP: 3/13
  5178 | D:5      | Found a sacrificial altar of Ru.
  5603 | D:6      | Reached skill level 7 in Conjurations
  5607 | D:6      | Noticed Eustachio
  5625 | D:6      | Noticed Blork the orc
  5750 | D:4      | Reached * piety under Zin
  5878 | D:5      | Killed Blork the orc
  5972 | D:6      | Killed Eustachio
  6209 | D:6      | Found a basalt altar of Yredelemnul.
  6229 | D:6      | Reached XP level 9. HP: 57/71 MP: 0/15
  6337 | D:6      | Reached skill level 8 in Conjurations
  6368 | D:6      | Found a stormy altar of Qazlal.
  6381 | D:6      | Found a shadowy altar of Dithmenos.
  6621 | D:6      | Reached skill level 5 in Spellcasting
  6707 | D:6      | Reached skill level 5 in Dodging
  6929 | D:6      | Reached ** piety under Zin
  7621 | D:7      | Reached skill level 5 in Fighting
  7716 | D:7      | Reached skill level 9 in Conjurations
  7726 | D:7      | Noticed Joseph
  7741 | D:7      | Killed Joseph
  7894 | D:7      | Reached XP level 10. HP: 80/81 MP: 2/18
  8273 | D:7      | Learned a level 4 spell: Iskenderun's Mystic Blast
  8411 | D:7      | Found a white marble altar of Elyvilon.
  8483 | D:7      | Found a blossoming altar of Fedhas.
  8573 | D:7      | Reached *** piety under Zin
  9241 | D:8      | Reached skill level 10 in Conjurations
  9383 | D:8      | Noticed a two-headed ogre
  9485 | D:8      | Killed a two-headed ogre
  9591 | D:8      | Reached skill level 5 in Stealth
 10103 | D:9      | Identified a scroll of acquirement
 10103 | D:9      | Acquired the +2 pair of gloves of the Game Afoot {rPois
                  | Will+}
 10111 | D:9      | Noticed Erica
 10117 | D:9      | Killed Erica
 10252 | D:9      | Found a radiant altar of Vehumet.
 10354 | D:9      | Noticed Erolcha
 10364 | D:9      | Killed Erolcha
 10365 | D:9      | Reached XP level 11. HP: 84/92 MP: 9/21
 10980 | D:9      | Reached skill level 11 in Conjurations
 11028 | D:9      | Noticed a centaur warrior
 11043 | D:9      | Killed a centaur warrior
 11044 | D:9      | Reached skill level 1 in Invocations
 11254 | D:9      | Found a runed translucent door.
 11255 | D:9      | Noticed a brown ugly thing
 11255 | D:9      | Noticed a deep elf pyromancer
 11260 | D:9      | Noticed a skeletal warrior
 11262 | D:9      | Noticed a fire dragon
 11288 | D:9      | Killed from afar by a fire dragon

Illustrated notes

Levels and vault maps discovered:
D:1:      amcnicky_arrival_feature_with_door, layout_basic, minivault_4,
          chequers_jeans
D:2:      layout_rooms, uniq_natasha, uniq_robin
D:3:      layout_rooms, zin_purify, cheibrodos_worm_habitat,
          basic_ecumenical_altar, grunt_decor_junction
D:4:      layout_loops_corners
D:5:      layout_basic, nicolae_ru_the_path_less_chosen,
          minmay_temple_entry_glassed_door
D:6:      layout_cave_pools, mainiacjoe_overflow_large_starburst,
          old_standard_altar, kennysheep_dice, uniq_eustachio,
          uniq_blork_the_orc
D:7:      layout_layer_cave, mainiacjoe_overflow_alcove_2, fedhas_altar_4,
          uniq_joseph
D:8:      layout_rooms
D:9:      minmay_the_grid_triangle_9x9_rhombus_full
          [minmay_the_grid_triangle_9x9_windchime,
          minmay_the_grid_triangle_9x9_negative_grid,
          minmay_the_grid_triangle_9x9_thin_v,
          minmay_the_grid_triangle_9x9_sprig,
          minmay_the_grid_triangle_9x9_impossible_snake,
          minmay_the_grid_triangle_9x9_corruption,
          minmay_the_grid_triangle_9x9_subtriangle,
          minmay_the_grid_triangle_9x9_prize_center], layout_basic,
          marbit_many_paths, uniq_erica, uniq_erolcha, uniq_gastronok

Skill      XL: |  1  2  3  4  5  6  7  8  9 10 11 |
---------------+----------------------------------+-----
Stealth        | 2 3 4 5 |  5.8
Dodging        | 2 3 4 5 6 |  6.9
Conjurations   | 5 6 7 9 10 11 | 11.1
Spellcasting   | 3 4 5 6 7 |  7.0
Fighting       | 1 2 3 5 7 |  7.3
Hexes          | 1 2 4 |  4.2
Invocations    | 1 |  1.3

Action                   |  1- 3 |  4- 6 |  7- 9 | 10-12 || total
-------------------------+-------+-------+-------+-------++-------
Melee: Dagger            |    15 |       |       |       ||    15
       War axe           |    15 |   126 |       |       ||   141
       Tailslap          |     3 |     7 |     8 |     5 ||    23
       Great sword       |       |     7 |    71 |    38 ||   116
       Staff             |       |       |       |     6 ||     6
 Cast: Magic Dart        |    41 |    45 |    45 |    20 ||   151
       Searing Ray       |     2 |    17 |    28 |    30 ||    77
       Dazzling Flash    |       |     4 |     3 |     5 ||    12
       Fulminant Prism   |       |       |    21 |    21 ||    42
       Iskenderun's Myst |       |       |       |     4 ||     4
Invok: Recite            |       |       |       |     1 ||     1
       Vitalisation      |       |       |       |     1 ||     1
Evoke: Wand              |       |       |     3 |     1 ||     4
  Use: Scroll            |       |     4 |     6 |     5 ||    15
 Stab: Sleeping          |       |     3 |       |       ||     3
       Distracted        |       |       |       |     1 ||     1
Armor: Skin              |    17 |    66 |    76 |    68 ||   227
Dodge: Dodged            |    38 |   132 |   132 |   105 ||   407
Block: Buckler           |       |       |       |     1 ||     1
       Rpst.: Great sword |       |     1 |    36 |    13 ||    50

Table legend: (Time is in decaauts)
 A = Elapsed time spent in this place.
 B = Non-inter-level travel time spent in this place.
 C = Inter-level travel time spent in this place.
 D = Time resting spent in this place.
 E = Time spent auto-exploring this place.
 F = Levels seen in this place.
 G = Mean time per level.
                   A        B        C        D        E       F      G
               +--------+--------+--------+--------+--------+-----+--------+
         Total |  11471 |  11175 |    296 |   3882 |   5373 |   9 | 1274.6 |
       Dungeon |  11471 |  11175 |    296 |   3882 |   5373 |   9 | 1274.6 |
               +--------+--------+--------+--------+--------+-----+--------+

Top non-repeatable levels by time:
     D:7: 2080 daAuts
     D:1: 1504 daAuts
     D:6: 1401 daAuts
     D:4: 1371 daAuts
     D:5: 1316 daAuts
     D:9: 1253 daAuts
     D:3: 1039 daAuts
     D:8: 755 daAuts
     D:2: 748 daAuts
